AoeStats
← Simon Stokvis

Nomad

507958674Analyzed
4v4 RM · 11d ago on Sep 20, 2026· 27m 3s· 8 players
Game mode
Random Map
Map size
231×231
Population
200
Speed
Normal
Resources
Standard
Victory
Conquest
Starting age
Dark Age
Ending age
Imperial Age
RankedLock teamsTeams togetherTeam positionsShared explorationLock speedFull tech treeHidden civsTurbo modeCheats
Victory
Defeat
🇫🇮 Turks · Finland
1547
+12
🇦🇺 Spanish · Australia
1521
+13
🇳🇱 Malay · Netherlands
1499
+14
🇪🇸 Goths · Spain
1473
+15
🇨🇳 Teutons · China
1561
-18
🇰🇷 Vietnamese · South Korea
1491
-15
🇰🇷 Britons · South Korea
1464
-14
🇰🇷 Persians · South Korea
1272
-7
Simon Stokvis
4:20 Loom
14:41 Feudal Age
15:22 Double-Bit Axe
17:21 Fletching
21:08 Castle Age
21:05 Bow Saw
24:39 Town Watch
25:15 Fishing Lines
mazq
4:21 Loom
14:16 Feudal Age
14:50 Town Watch
18:19 Castle Age
17:03 Double-Bit Axe
19:32 Bow Saw
23:01 Padded Archer Armor
25:44 Gold Mining
NØRTHLANE
5:09 Loom
13:43 Feudal Age
18:02 Castle Age
16:18 Double-Bit Axe
16:25 Fletching
16:36 Padded Archer Armor
16:42 Scale Barding Armor
22:49 Bodkin Arrow
26:30 Leather Archer Armor
26:44 Bow Saw
Garabatov
5:07 Loom
13:15 Feudal Age
13:19 Man-at-Arms
13:55 Double-Bit Axe
20:07 Castle Age
20:11 Scale Mail Armor
20:18 Long Swordsman
21:33 Bow Saw
25:18 Wheelbarrow
24:31 Horse Collar
26:15 Squires
남조선사람
3:10 Loom
13:18 Feudal Age
15:08 Double-Bit Axe
17:44 Castle Age
16:08 Gold Mining
16:14 Horse Collar
18:37 Fletching
22:09 Bodkin Arrow
26:14 Wheelbarrow
26:34 Padded Archer Armor
BaniWang
3:13 Loom
3:35 Loom
3:54 Loom
14:03 Feudal Age
17:51 Double-Bit Axe
20:51 Castle Age
Gustavsson
5:02 Loom
6:33 Loom
13:28 Feudal Age
17:44 Fishing Lines
22:21 Castle Age
24:30 Fletching
25:03 Double-Bit Axe
25:34 Gillnets
海的盒子
5:28 Loom
16:56 Feudal Age
17:27 Double-Bit Axe
18:05 Fishing Lines
20:48 Castle Age
18:50 Gold Mining
18:41 Horse Collar
20:24 Stone Mining
21:42 Bow Saw
21:24 Fletching
26:14 Imperial Age
25:50 Gillnets
28:10 Chemistry
27:06 Bodkin Arrow
28:12 Two-Man Saw
Connection lost

Rejoining the realm…

Still unreachable

The connection could not be restored.

Session expired

The server has moved on; the page needs a fresh start.